 Dungeon Crawl Stone Soup version 0.30-a0-374-g95c0257040 (webtiles) character file.

Game seed: 8793207560892407601

72 pokeman the Magician (level 4, -5/25 HPs)
             Began as a Deep Elf Hedge Wizard on Nov 26, 2022.
             Slain by Sigmund
             ... wielding a +1 scythe of freezing
              (11 damage)
             ... on level 2 of the Dungeon.
             The game lasted 00:03:22 (1793 turns).

pokeman the Magician (Deep Elf Hedge Wizard)        Turns: 1793, Time: 00:03:22

Health: -5/25      AC:  3    Str:  7    XL:     4   Next: 7%
Magic:  3/13       EV: 12    Int: 21    God:
Gold:   35         SH:  0    Dex: 14    Spells: 6/14 levels left

rFire   . . .      SeeInvis .    k - +0 flail
rCold   . . .      Faith    .    (no shield)
rNeg    . . .      Spirit   .    b - +0 robe
rPois   .          Reflect  .    c - +0 hat
rElec   .          Harm     .    (no cloak)
rCorr   .          Rampage  .    (no gloves)
Will    .....                    j - +0 pair of boots
Stlth   ++........               (no amulet)
HPRegen 0.24/turn                (no ring)
MPRegen 0.13/turn                (no ring)

@: no status effects
A: no striking features
a: no special abilities


You were on level 2 of the Dungeon.
You visited 1 branch of the dungeon, and saw 2 of its levels.

You collected 35 gold pieces.

Inventory:

Hand Weapons
 k - a +0 flail (weapon)
Armour
 b - a +0 robe (worn)
 c - a +0 hat (worn)
 j - a +0 pair of boots (worn)
Scrolls
 e - 3 scrolls of teleportation {unknown}
 h - a scroll of fog {unknown}
Potions
 d - a potion of magic
 f - a potion of might {unknown}
 g - a potion of haste {unknown}
 i - a potion of flight {unknown}


   Skills:
 - Level 1.0 Fighting
 - Level 1.0 Armour
 - Level 2.6 Dodging
 - Level 2.6 Stealth
 - Level 5.5 Spellcasting
 + Level 2.1 Conjurations
 - Level 1.1 Summonings
 - Level 1.1 Translocations


You had 6 spell levels left.
You knew the following spells:

 Your Spells              Type           Power      Damage    Failure   Level
a - Magic Dart            Conj           56%        1d5       4%          1
b - Mephitic Cloud        Conj/Pois/Air  8%         N/A       24%         3
c - Call Imp              Summ           10%        N/A       10%         2
d - Blink                 Tloc           20%        N/A       10%         2

Your spell library contained the following spells:

 Spells                   Type           Power      Damage    Failure   Level
 Slow                     Hex            20%        N/A       11%         1
 Cigotuvi's Dreadful Rot  Necr/Pois/Air  10%        N/A       16%         2
 Gell's Gravitas          Tloc           10%        N/A       21%         3
 Teleport Other           Tloc           10%        N/A       21%         3
 Dispersal                Tloc           5%         N/A       100%        6


Dungeon Overview and Level Annotations

Branches:
Dungeon (2/15)

Altars:
Gozag

Annotations:
D:2 Sigmund


Message History

Sigmund is engulfed in noxious fumes.
Sigmund appears confused.
A jackal comes into view.
Sigmund is engulfed in noxious fumes.
Sigmund appears confused.
You see here a jackal corpse.
You catch the helpless Sigmund completely off-guard!
You hit Sigmund.
Sigmund is lightly wounded.
Sigmund hits you with a +1 scythe of freezing.
Sigmund freezes you.
You completely miss Sigmund.
Sigmund is lightly wounded.
The jackal barks!
You hit the quokka but do no damage. The quokka bites you. x2
You barely miss Sigmund.
Sigmund is lightly wounded.
Sigmund closely misses you. The quokka bites you.
The quokka bites you but does no damage.
You hit Sigmund.
Sigmund is moderately wounded.
Sigmund closely misses the jackal.
The quokka closely misses you. The quokka bites you.
You sock Sigmund!
Sigmund is heavily wounded.
Sigmund completely misses you. The quokka bites you.
You barely miss Sigmund.
Sigmund is heavily wounded.
The quokka closely misses you.
Sigmund closely misses the quokka.
The quokka bites you but does no damage.
You hit Sigmund.
Sigmund is severely wounded.
The quokka misses you.
Sigmund hits you with a +1 scythe of freezing!
* * * LOW HITPOINT WARNING * * *
Sigmund freezes you.
* * * LOW HITPOINT WARNING * * *
The quokka closely misses you.
You hit Sigmund.
Sigmund is severely wounded.
Sigmund hits you with a +1 scythe of freezing!
You die...

..####.......#..
#.
#............###
## #..>....<).#
#........>)##
#............# #
#..........#g#
## ...[h....<#.#
... ##.#@r#####
g ####.. #..@# .
..... ###.### ##
#..# #...# #..#
#.)#.# ##..##
#.##.## #.....
... #..# #.####
..## ##.## ##.#
# #.# #..###
#..# # #. ##...#
##.## #


You could see Sigmund (confused), a quokka and a jackal.

Vanquished Creatures
  3 gnolls (D:2)
  A worm (D:2)
  2 dart slugs (D:1)
  A bat (D:1)
  4 endoplasms (D:1)
  2 giant cockroaches (D:1)
  4 goblins (D:1)
  A hobgoblin (D:1)
  2 jackals (D:2)
  2 quokkas (D:1)
  3 ball pythons (D:1)
  6 frilled lizards
  2 kobolds
33 creatures vanquished.

Vanquished Creatures (collateral kills)
  A goblin (D:2)
  A quokka (D:2)
2 creatures vanquished.

Grand Total: 35 creatures vanquished

Notes
Turn   | Place    | Note
-------+----------+-------------------------------------------
     0 | D:1      | pokeman the Deep Elf Hedge Wizard began the quest for the
                  | Orb.
     0 | D:1      | Reached XP level 1. HP: 10/10 MP: 7/7
   185 | D:1      | Reached XP level 2. HP: 15/15 MP: 1/9
   624 | D:1      | Reached skill level 5 in Spellcasting
   854 | D:1      | Reached XP level 3. HP: 20/20 MP: 8/11
   858 | D:1      | Learned a level 3 spell: Mephitic Cloud
   861 | D:1      | Learned a level 2 spell: Call Imp
   864 | D:1      | Learned a level 2 spell: Blink
  1304 | D:2      | Found an opulent altar of Gozag.
  1346 | D:2      | Noticed Sigmund
  1571 | D:2      | Reached skill level 1 in Fighting
  1571 | D:2      | Reached skill level 1 in Armour
  1781 | D:2      | Reached XP level 4. HP: 25/25 MP: 4/13
  1793 | D:2      | Slain by Sigmund

Illustrated notes

Levels and vault maps discovered:
D:1:      eino_arrival_tree_alley, layout_basic, serial_bayou,
          serial_bayou_pond_c, serial_bayou_pond_e, serial_bayou_lagoon_a,
          serial_bayou_pond_d
D:2:      layout_rooms, basic_altar, uniq_sigmund

Skill      XL: |  1  2  3 |
---------------+----------+-----
Spellcasting   | 5 |  5.5
Fighting       | 1 |  1.0
Armour         | 1 |  1.0
Conjurations   | 2 |  2.1
Dodging        | |  2.6
Stealth        | |  2.6
Summonings     | |  1.1
Translocations | |  1.1

Action                   |  1- 3 |  4- 6 || total
-------------------------+-------+-------++-------
Melee: Dagger            |    33 |       ||    33
       Punch             |     2 |       ||     2
       Flail             |     5 |    10 ||    15
 Cast: Magic Dart        |    96 |       ||    96
       Mephitic Cloud    |     5 |     1 ||     6
       Call Imp          |     1 |       ||     1
 Stab: Confused          |     2 |     1 ||     3
Armor: Robe              |     9 |     2 ||    11
Dodge: Dodged            |    39 |     6 ||    45

Table legend: (Time is in decaauts)
 A = Elapsed time spent in this place.
 B = Non-inter-level travel time spent in this place.
 C = Inter-level travel time spent in this place.
 D = Time resting spent in this place.
 E = Time spent auto-exploring this place.
 F = Levels seen in this place.
 G = Mean time per level.
                   A        B        C        D        E       F      G
               +--------+--------+--------+--------+--------+-----+--------+
         Total |   1832 |   1622 |    210 |     83 |   1230 |   2 |  916.0 |
       Dungeon |   1832 |   1622 |    210 |     83 |   1230 |   2 |  916.0 |
               +--------+--------+--------+--------+--------+-----+--------+

Top non-repeatable levels by time:
     D:1: 1466 daAuts
     D:2: 365 daAuts
